 Dungeon Crawl Stone Soup version 0.29.0 (webtiles) character file.

Game seed: 6365237775927446375

60 bonscott the Grave Robber (level 3, -1/19 HPs)
             Began as a Deep Elf Necromancer on Sept 10, 2022.
             Slain by an orc
             ... wielding a +0 whip
              (2 damage)
             ... on level 3 of the Dungeon.
             The game lasted 00:09:14 (1628 turns).

bonscott the Grave Robber (Deep Elf Necromancer)    Turns: 1628, Time: 00:09:15

Health: -1/19      AC:  4    Str:  3 (5)  XL:     3   Next: 80%
Magic:  11/11      EV: 12    Int: 18 (21) God:
Gold:   93         SH:  0    Dex: 16 (17) Spells: 11/12 levels left

rFire   . . .      SeeInvis .   a - +0 sling
rCold   . . .      Faith    .   (no shield)
rNeg    . . .      Spirit   .   r - +0 robe
rPois   .          Reflect  .   (no helmet)
rElec   .          Harm     .   (no cloak)
rCorr   .          Rampage  .   (no gloves)
Will    .....                   (no boots)
Stlth   +++.......              (no amulet)
HPRegen 0.06/turn               (no ring)
MPRegen 0.12/turn               (no ring)

@: brilliant
A: iridescent scales 1, thin skeletal structure 1
a: no special abilities


You were on level 3 of the Dungeon.
You visited 1 branch of the dungeon, and saw 3 of its levels.

You collected 93 gold pieces.

Inventory:

Hand Weapons
 a - a +0 sling (weapon)
 b - a +4 short sword
Missiles
 d - 4 poisoned darts
 e - 23 stones
 l - a throwing net
 n - 3 javelins
Armour
 p - a +0 ring mail
 r - a +0 robe (worn)
Scrolls
 c - a scroll of noise {unknown}
 h - a scroll of fear {unknown}
 j - 2 scrolls of teleportation
 q - a scroll of identify {unknown}
Potions
 g - a potion of mutation
 k - a potion of curing {unknown}
 m - a potion of invisibility {unknown}
 o - a potion of magic


   Skills:
 + Level 0.5 Armour
 - Level 2.4 Dodging
 - Level 2.4 Stealth
 + Level 5.1 Spellcasting
 + Level 5.1 Necromancy


You had 11 spell levels left.
You knew the following spells:

 Your Spells              Type           Power      Damage    Failure   Level
i - Necrotise             Necr           100%       1d9       1%          1

Your spell library contained the following spells:

 Spells                   Type           Power      Damage    Failure   Level
 Vampiric Draining        Necr           35%        2d8       4%          3
 Sandblast                Erth           12%        2d6       13%         1
 Animate Dead             Necr           35%        N/A       16%         4
 Passwall                 Tmut/Erth      5%         N/A       21%         2
 Stone Arrow              Conj/Erth      12%        3d7       36%         3
 Agony                    Necr           35%        N/A       41%         5
 Fulminant Prism          Conj/Hex       3%         3d6       78%         4
 Iskenderun's Mystic Bla  Conj/Tloc      6%         2d4       78%         4
 Lee's Rapid Deconstruct  Erth           3%         3d6*      98%         5


Dungeon Overview and Level Annotations

Branches:
Dungeon (3/15)

Altars:


Innate Abilities, Weirdness & Mutations

You are partially covered in iridescent scales. (AC +2)
You have a somewhat thin skeletal structure. (Dex +2, Stealth+)


Message History

The sling bullet hits the endoplasm but does no damage.
The endoplasm is almost dead.
The endoplasm hits you. The endoplasm misses you. The rat bites you.
The rat barely misses you. The endoplasm freezes you.
You are frozen.
The endoplasm barely misses you. The rat attacks as you move away!
The rat completely misses you. The orc misses you.
An orc comes into view. It is wielding a +0 club.
The orc misses you. The rat closely misses you.
The endoplasm jiggles.
The rat attacks as you move away! The rat misses you.
The orc attacks as you move away! The orc closely misses you.
Found a war axe.
The orc attacks as you move away! The orc misses you.
The orc shouts!
The orc hits you with a +0 club.
* * * LOW HITPOINT WARNING * * *
A hobgoblin comes into view.
Found a scroll labelled DOANAIPEAC.
The hobgoblin shouts!
Okay, then.
Casting: Necrotise (safe; 1% risk of failure)
Confirm with . or Enter, or press ? or * to list all spells.
You don't know that spell.
Unknown command.
You are too injured to fight recklessly!
The orc attacks as you move away! The orc hits you with a +0 whip.
* * * LOW HITPOINT WARNING * * *
It was a potion of mutation.
You feel extremely strange.
Iridescent scales grow over part of your body.
Your bones become slightly less dense.
The orc barely misses you.
It was a potion of degeneration.
There was something very wrong with that liquid.
You feel weakened.
You feel dopey.
You feel clumsy. The orc closely misses you.
It was a potion of brilliance.
You feel clever all of a sudden. The orc hits you with a +0 whip.
You die...

#...#........[.
#.....J......
###...###....
###J## ... #..##
. ######.o# .
....##r# ...
###..#o#.....
#?...@........
....#####..g....
# #...... ......
)..... .....
.....


You could see 2 orcs, a hobgoblin and a rat.

Vanquished Creatures
  2 adders (D:2)
  3 ball pythons
  7 endoplasms
  3 giant cockroaches
  3 hobgoblins
  3 jackals (D:2)
  2 quokkas
  3 bats
  3 frilled lizards (D:1)
  3 goblins
  A kobold (D:2)
  5 rats
38 creatures vanquished.

Vanquished Creatures (others)
  6 plants (D:2)
6 creatures vanquished.

Grand Total: 44 creatures vanquished

Notes
Turn   | Place    | Note
-------+----------+-------------------------------------------
     0 | D:1      | bonscott the Deep Elf Necromancer began the quest for the
                  | Orb.
     0 | D:1      | Reached XP level 1. HP: 10/10 MP: 6/6
   129 | D:1      | Found a faded altar of an unknown god.
   203 | D:1      | Reached skill level 5 in Necromancy
   295 | D:1      | Reached XP level 2. HP: 15/15 MP: 3/8
   737 | D:2      | Reached XP level 3. HP: 19/19 MP: 7/11
   879 | D:2      | Reached skill level 5 in Spellcasting
  1626 | D:3      | Gained mutation: You are partially covered in iridescent
                  | scales. (AC +2) [potion of mutation]
  1626 | D:3      | Gained mutation: You have a somewhat thin skeletal
                  | structure. (Dex +2, Stealth+) [potion of mutation]
  1628 | D:3      | Slain by an orc

Illustrated notes

Levels and vault maps discovered:
D:1:      heliophobic_arrival_dark_side_of_the_moon, layout_rooms,
          shapermc_ecumenical_altar_pompeii, ebering_dispersal_statue_hall,
          minmay_misc_feat_plants, minmay_misc_feat_tiny
D:2:      layout_basic, serial_forest, infiniplex_forest_end_2,
          infiniplex_forest_end_2, infiniplex_forest_diagonal,
          infiniplex_forest_clump_large, infiniplex_forest_zigzag_2,
          infiniplex_forest_corner_2
D:3:      layout_rooms

Skill      XL: |  1  2  3 |
---------------+----------+-----
Necromancy     | 5 |  5.1
Spellcasting   | 4 5 |  5.1
Armour         | |  0.5
Dodging        | |  2.4
Stealth        | |  2.4

Action                   || total
-------------------------++-------
Melee: Short sword       ||     3
 Fire: Sling             ||     3
 Cast: Necrotise         ||    63
  Use: Potion            ||     3
       Scroll            ||     1
Dodge: Dodged            ||    13
